NYP
EVERETT AQUASOX @ SPOKANE INDIANS
05/30/2048
 
TOP OF THE 1ST
Everett AquaSox batting - Pitching for Spokane Indians : RHP Malibok Fflunker
Pitching: RHP Malibok Fflunker
Batting: RHB Heihachiro Fujita 0-0: Ball
1-0: Ball
2-0: Ball
3-0: Called Strike
3-1: Base on Balls
Batting: RHB Eddie Luna 0-0: Called Strike
0-1: Ball
1-1: Ball
2-1: Ground out 4-3 (Groundball, 4M, EV 101.9 MPH)
Heihachiro Fujita to second
Batting: RHB Marco Diaz 0-0: Ball
Heihachiro Fujita is caught stealing 3rd base 2-5
1-0: Foul Ball, location: 2F
1-1: Foul Ball, location: 2F
1-2: Foul Ball, location: 2F
1-2: Ball
2-2: Ground out 6-3 (Groundball, 6, EV 93.8 MPH)
Top of the 1st over - 0 runs, 0 hits, 0 errors, 0 left on base; Everett 0 - Spokane 0
BOTTOM OF THE 1ST
Spokane Indians batting - Pitching for Everett AquaSox : RHP Kevin Stodart
Pitching: RHP Kevin Stodart
Batting: RHB Danny Odom 0-0: Foul Ball, location: 2F
0-1: Ball
1-1: Foul Ball, location: 2F
1-2: Foul Ball, location: 2F
1-2: Fly out, F1 (Popup, 13, EV 89.4 MPH)
Batting: RHB Josh Whitmore 0-0: Ball
1-0: Ball
2-0: Ball
3-0: Called Strike
3-1: Foul Ball, location: 2F
3-2: Ground out 4-3 (Groundball, 4, EV 86.9 MPH)
Batting: RHB Mike Thornton 0-0: Ball
1-0: SINGLE (Line Drive, 8LS, EV 103.1 MPH)
Batting: LHB Nick Foutz 0-0: Ball
Mike Thornton is caught stealing 2nd base 2-6
Bottom of the 1st over - 0 runs, 1 hit, 0 errors, 0 left on base; Everett 0 - Spokane 0
TOP OF THE 2ND
Everett AquaSox batting - Pitching for Spokane Indians : RHP Malibok Fflunker
Batting: LHB Chris Jackson 0-0: Ball
1-0: Called Strike
1-1: Ball
2-1: Ground out 3-1 (Groundball, 34, EV 86.2 MPH)
Batting: LHB William Gonzales 0-0: Called Strike
0-1: Ball
1-1: Ball
2-1: Swinging Strike
2-2: Ball
3-2: Strikes out swinging
Batting: RHB Tai Joo 0-0: Swinging Strike
0-1: Ball
1-1: Ball
2-1: Called Strike
2-2: Ball
3-2: Foul Ball, location: 2F
3-2: Base on Balls
Batting: RHB Rob Ward 0-0: Foul Ball, location: 2F
0-1: Called Strike
0-2: Hit by Pitch
Tai Joo to second
Batting: RHB Omar Solis 0-0: Called Strike
0-1: Ball
1-1: Called Strike
1-2: Ball
2-2: Ground out 5-3 (Groundball, 56S, EV 85.6 MPH)
Top of the 2nd over - 0 runs, 0 hits, 0 errors, 2 left on base; Everett 0 - Spokane 0
BOTTOM OF THE 2ND
Spokane Indians batting - Pitching for Everett AquaSox : RHP Kevin Stodart
Batting: LHB Nick Foutz 0-0: DOUBLE (Line Drive, 9LM, EV 101.2 MPH)
Batting: RHB Aaron Graham 0-0: Ball
1-0: Foul Ball, location: 2F
1-1: Fly out, F9 (Flyball, 89M, EV 89.4 MPH)
Batting: RHB Rick Concha 0-0: Ball
Nick Foutz steals 3rd base
1-0: Foul Ball, location: 2F
1-1: Fly out, F8 (Flyball, 78M, EV 84.4 MPH)
Batting: RHB Edwin Soto 0-0: Ball
1-0: Ball
2-0: Fly out, F9 (Line Drive, 9, EV 89.4 MPH)
Bottom of the 2nd over - 0 runs, 1 hit, 0 errors, 1 left on base; Everett 0 - Spokane 0
TOP OF THE 3RD
Everett AquaSox batting - Pitching for Spokane Indians : RHP Malibok Fflunker
Batting: RHB James Bickel 0-0: Called Strike
0-1: Ground out U3 (Groundball, 3, EV 108.1 MPH)
Batting: RHB Heihachiro Fujita 0-0: Ball
1-0: Called Strike
1-1: Ball
2-1: Swinging Strike
2-2: Strikes out swinging
Batting: RHB Eddie Luna 0-0: Ground out 6-3 (Groundball, 6, EV 91.2 MPH)
Top of the 3rd over - 0 runs, 0 hits, 0 errors, 0 left on base; Everett 0 - Spokane 0
BOTTOM OF THE 3RD
Spokane Indians batting - Pitching for Everett AquaSox : RHP Kevin Stodart
Batting: LHB Walter Vegter 0-0: Called Strike
0-1: Ball
1-1: Foul Ball, location: 2F
1-2: Foul Ball, location: 2F
1-2: Foul Ball, location: 2F
1-2: SINGLE (Line Drive, 6M, EV 95.6 MPH)
Batting: RHB Dennis Daniels 0-0: Ball
Walter Vegter is caught stealing 2nd base 2-4
1-0: Foul Ball, location: 2F
1-1: Foul Ball, location: 2F
1-2: Ball
2-2: Ground out 6-3 (Groundball, 6, EV 83.8 MPH)
Batting: RHB Danny Odom 0-0: Ball
1-0: Foul Ball, location: 2F
1-1: Called Strike
1-2: Ball
2-2: Strikes out swinging
Bottom of the 3rd over - 0 runs, 1 hit, 0 errors, 0 left on base; Everett 0 - Spokane 0
TOP OF THE 4TH
Everett AquaSox batting - Pitching for Spokane Indians : RHP Malibok Fflunker
Batting: RHB Marco Diaz 0-0: Ball
1-0: Ball
2-0: Swinging Strike
2-1: Foul Ball, location: 2F
2-2: Foul Ball, location: 2F
2-2: Foul Ball, location: 2F
2-2: Ball
3-2: Strikes out looking
Batting: LHB Chris Jackson 0-0: Fly out, F7 (Flyball, 7, EV 78.8 MPH)
Batting: LHB William Gonzales 0-0: Called Strike
0-1: Foul Ball, location: 2F
0-2: Ball
1-2: Ball
2-2: Ball
3-2: Fly out, F8 (Line Drive, 8LD, EV 89.4 MPH)
Top of the 4th over - 0 runs, 0 hits, 0 errors, 0 left on base; Everett 0 - Spokane 0
BOTTOM OF THE 4TH
Spokane Indians batting - Pitching for Everett AquaSox : RHP Kevin Stodart
Batting: RHB Josh Whitmore 0-0: Called Strike
0-1: Ball
1-1: Foul Ball, location: 2F
1-2: Foul Ball, location: 2F
1-2: Ball
2-2: Foul Ball, location: 2F
2-2: Ground out 6-3 (Groundball, 56, EV 91.2 MPH)
Batting: RHB Mike Thornton 0-0: Ball
1-0: Called Strike
1-1: Foul Ball, location: 2F
1-2: Strikes out swinging
Batting: LHB Nick Foutz 0-0: Foul Ball, location: 2F
0-1: Ball
1-1: Swinging Strike
1-2: Ball
2-2: Ball
3-2: Foul Ball, location: 2F
3-2: Base on Balls
Batting: RHB Aaron Graham 0-0: Called Strike
Nick Foutz steals 2nd base
0-1: Foul Ball, location: 2F
0-2: DOUBLE (Flyball, 8LXD, EV 97.5 MPH)
Nick Foutz scores
Batting: RHB Rick Concha 0-0: Swinging Strike
0-1: Foul Ball, location: 2F
0-2: Ball
1-2: Ball
2-2: Ball
3-2: Foul Ball, location: 2F
3-2: Fly out, F8 (Flyball, 8RXD, EV 96.9 MPH)
Bottom of the 4th over - 1 run, 1 hit, 0 errors, 1 left on base; Everett 0 - Spokane 1
TOP OF THE 5TH
Everett AquaSox batting - Pitching for Spokane Indians : RHP Malibok Fflunker
Batting: RHB Tai Joo 0-0: Ground out U3 (Groundball, 34, EV 86.2 MPH)
Batting: RHB Rob Ward 0-0: Called Strike
0-1: Fly out, F9 (Flyball, 9, EV 91.2 MPH)
Batting: RHB Omar Solis 0-0: Foul Ball, location: 2F
0-1: Foul Ball, location: 2F
0-2: SINGLE (Groundball, 56D, EV 93.8 MPH)
Batting: RHB James Bickel Pickoff Throw to First - Out! 1-3 CS
Top of the 5th over - 0 runs, 1 hit, 0 errors, 0 left on base; Everett 0 - Spokane 1
BOTTOM OF THE 5TH
Spokane Indians batting - Pitching for Everett AquaSox : RHP Kevin Stodart
Batting: RHB Edwin Soto 0-0: Ball
1-0: Ball
2-0: Fly out, F8 (Flyball, 8RD, EV 100.6 MPH)
Batting: LHB Walter Vegter 0-0: Ball
1-0: Fly out, F5 (Popup, 56S, EV 83.8 MPH)
Batting: RHB Dennis Daniels 0-0: Called Strike
0-1: Ground out 5-3 (Groundball, 56, EV 102.5 MPH)
Bottom of the 5th over - 0 runs, 0 hits, 0 errors, 0 left on base; Everett 0 - Spokane 1
TOP OF THE 6TH
Everett AquaSox batting - Pitching for Spokane Indians : RHP Malibok Fflunker
Batting: RHB James Bickel 0-0: SINGLE (Line Drive, 8LS, EV 92.5 MPH)
Batting: RHB Heihachiro Fujita 0-0: Called Strike
0-1: Called Strike
0-2: Strikes out swinging
Batting: RHB Eddie Luna 0-0: Called Strike
0-1: Ball
1-1: Foul Ball, location: 2F
1-2: Foul Ball, location: 2F
1-2: Strikes out swinging
Batting: RHB Marco Diaz 0-0: DOUBLE (Flyball, 8RXD, EV 113.1 MPH)
James Bickel to third
Runner from 3rd tries for Home, SAFE, no throw by CF
Batting: LHB Chris Jackson 0-0: Ball
1-0: Ball
2-0: Ground out 5-3 (Groundball, 5, EV 108.1 MPH)
Top of the 6th over - 1 run, 2 hits, 0 errors, 1 left on base; Everett 1 - Spokane 1
BOTTOM OF THE 6TH
Spokane Indians batting - Pitching for Everett AquaSox : RHP Kevin Stodart
Pitching: RHP Dan Johnson
Pinch Hitting: LHB Sean Gingrich 0-0: Ball
1-0: Foul Ball, location: 2F
1-1: Ball
2-1: Foul Ball, location: 2F
2-2: Ground out 1-3 (Groundball, 34S, EV 71.2 MPH)
Batting: RHB Josh Whitmore 0-0: Ball
1-0: Called Strike
1-1: Called Strike
1-2: SINGLE (Line Drive, 89M, EV 94.4 MPH)
Batting: RHB Mike Thornton 0-0: Ball
1-0: SINGLE (Groundball, 34S, EV 78.1 MPH) (infield hit)
Josh Whitmore to second
Batting: LHB Nick Foutz 0-0: Called Strike
0-1: Called Strike
0-2: Fielders Choice at 2nd, 3-6 (Groundball, 34, EV 102.5 MPH)
Josh Whitmore to third
Pinch Hitting: LHB Casper Kersten 0-0: Ball
Nick Foutz is caught stealing 2nd base 2-6
Bottom of the 6th over - 0 runs, 2 hits, 0 errors, 1 left on base; Everett 1 - Spokane 1
TOP OF THE 7TH
Everett AquaSox batting - Pitching for Spokane Indians : RHP Malibok Fflunker
Now at 2B: Rick Concha
Now at 3B: Casper Kersten
Now in CF: Walter Vegter
Now in RF: Eric Garrett
Batting: LHB William Gonzales 0-0: Ball
1-0: Ball
2-0: Ball
3-0: Called Strike
3-1: Foul Ball, location: 2F
3-2: Base on Balls
Batting: RHB Tai Joo 0-0: Grounds into double play, 5-4-3 (Groundball, 5L, EV 105.6 MPH)
Batting: RHB Rob Ward 0-0: Called Strike
0-1: TRIPLE (Groundball, 3L, EV 101.2 MPH)
Batting: RHB Omar Solis 0-0: Called Strike
0-1: Called Strike
0-2: Ball
1-2: Ball
2-2: Ball
3-2: Strikes out swinging
Top of the 7th over - 0 runs, 1 hit, 0 errors, 1 left on base; Everett 1 - Spokane 1
BOTTOM OF THE 7TH
Spokane Indians batting - Pitching for Everett AquaSox : RHP Dan Johnson
Batting: LHB Casper Kersten 0-0: Called Strike
0-1: Ball
1-1: SOLO HOME RUN (Flyball, 9D, EV 101.9 MPH), Distance : 371 ft
Batting: RHB Rick Concha 0-0: Ball
1-0: Reached via error on a dropped throw from 1B, E1 (Groundball, 34S, EV 90.6 MPH)
Batting: RHB Edwin Soto 0-0: Sac Bunt to P - play at first, batter OUT! 1-3
Rick Concha to second
Batting: LHB Walter Vegter 0-0: Called Strike
0-1: Ball
1-1: Foul Ball, location: 2F
1-2: Ground out 1-3 (Groundball, 13S, EV 66.9 MPH)
Rick Concha to third
Pinch Hitting: LHB Ben Radach 0-0: Ball
1-0: Called Strike
1-1: Swinging Strike
1-2: Ball
2-2: Ball
3-2: Base on Balls
Batting: RHB Eric Garrett 0-0: Ball
1-0: Ball
2-0: Called Strike
2-1: Ball
3-1: Base on Balls
Ben Radach to second
Batting: RHB Josh Whitmore 0-0: Foul Ball, location: 2F
0-1: Ball
1-1: Ball
2-1: Ball
3-1: Swinging Strike
3-2: Strikes out swinging
Bottom of the 7th over - 1 run, 1 hit, 1 error, 3 left on base; Everett 1 - Spokane 2
TOP OF THE 8TH
Everett AquaSox batting - Pitching for Spokane Indians : RHP Malibok Fflunker
Pitching: RHP Victor Benitez
Now at 1B: Jason Swisher
Now at 2B: Josh Whitmore
Now at SS: Rick Concha
Pinch Hitting: SHB Tony Morales 0-0: Ball
1-0: Called Strike
1-1: Fly out, F3 (Line Drive, 3L, EV 75.0 MPH)
Batting: RHB Heihachiro Fujita 0-0: Ball
1-0: Ball
2-0: Ball
3-0: Base on Balls
Batting: RHB Eddie Luna 0-0: Ball
1-0: Grounds into double play, 6-4-3 (Groundball, 6, EV 91.9 MPH)
Top of the 8th over - 0 runs, 0 hits, 0 errors, 0 left on base; Everett 1 - Spokane 2
BOTTOM OF THE 8TH
Spokane Indians batting - Pitching for Everett AquaSox : RHP Dan Johnson
Now at 2B: Tony Morales
Now in CF: Eddie Luna
Batting: RHB Mike Thornton 0-0: Ball
1-0: Called Strike
1-1: Swinging Strike
1-2: Ball
2-2: Ball
3-2: SINGLE (Groundball, 56S, EV 68.1 MPH) (infield hit)
Pitching: RHP Matt Lane
Batting: LHB Nick Foutz 0-0: Ball
1-0: Foul Ball, location: 2F
1-1: Called Strike
Mike Thornton steals 2nd base
1-2: Ball
2-2: Foul Ball, location: 2F
2-2: Ball
3-2: 2-RUN HOME RUN (Flyball, 7D, EV 94.4 MPH), Distance : 364 ft
Batting: LHB Casper Kersten 0-0: Ball
1-0: Ball
2-0: TRIPLE (Line Drive, 89XD, EV 97.5 MPH)
Batting: RHB Rick Concha 0-0: Ball
1-0: Ground out 1-3 (Groundball, P, EV 61.9 MPH)
Batting: RHB Edwin Soto 0-0: Ball
1-0: DOUBLE (Line Drive, 9LM, EV 94.4 MPH)
Casper Kersten scores
Batting: LHB Walter Vegter 0-0: Called Strike
0-1: Ball
1-1: SINGLE (Groundball, 56S, EV 64.4 MPH) (infield hit)
Edwin Soto to third
Batting: RHB Jason Swisher 0-0: Called Strike
Walter Vegter steals 2nd base
0-1: Ball
1-1: Foul Ball, location: 2F
1-2: Strikes out swinging
Batting: RHB Eric Garrett 0-0: Called Strike
0-1: Ball
1-1: Foul Ball, location: 2F
1-2: Ground out 6-3 (Groundball, 6S, EV 73.1 MPH)
Bottom of the 8th over - 3 runs, 5 hits, 0 errors, 2 left on base; Everett 1 - Spokane 5
TOP OF THE 9TH
Everett AquaSox batting - Pitching for Spokane Indians : RHP Victor Benitez
Batting: RHB Marco Diaz 0-0: Ball
1-0: Ball
2-0: Reached on error, E4 (Groundball, 4, EV 83.8 MPH)
Batting: LHB Chris Jackson 0-0: Ball
1-0: Swinging Strike
1-1: Called Strike
1-2: Strikes out swinging
Batting: LHB William Gonzales 0-0: Ball
1-0: Ball
2-0: Grounds into double play, 4-6-3 (Groundball, 4, EV 77.5 MPH)
Top of the 9th over - 0 runs, 0 hits, 1 error, 0 left on base; Everett 1 - Spokane 5
Tuesday, March 28th , 2023 - OOTP Baseball 23.10 Build 110